noty, neutral male scurrid Tourist ... ...| Q ..)@# ---# noty the Rambler Experience level: 1 Strength: 11 Dexterity: 9 Constitution: 14 Intelligence: 12 Wisdom: 11 Charisma: 18 Health: 0(9) Energy: 2(2) Def: 0 Gold: 525 Moves: 69 Dungeon seed: fdpzfuTE9uyTnrMV Game ID: noty_1498606559 Your Inventory: Coins $ - 525 gold pieces Weapons a - 52 uncursed +2 darts (in quiver) Armor e - an uncursed +0 Hawaiian shirt (being worn) Comestibles b - 3 uncursed food rations c - an uncursed egg d - an uncursed tripe ration f - 3 uncursed fortune cookies g - an uncursed cream pie h - 2 uncursed chestnuts i - an uncursed candy bar Scrolls k - 4 uncursed scrolls of magic mapping Potions j - 2 uncursed potions of extra healing Wands n - an uncursed wand of secret door detection (0:14) Tools l - an uncursed expensive camera (0:72) m - an uncursed credit card o - an uncursed tin opener Spells and supernatural/magical abilities: Name Level Category Fail Memory W - pray for help -- divine ? -- Your skills at the end: Miscellaneous Skills wands [Basic] Weapon Skills dart [Basic] Spellcasting Skills Final Attributes: You were devoutly aligned. You had infravision. You were very stealthy. You are dead. Vanquished creatures: a flaming sphere a kitten 2 creatures vanquished. Voluntary challenges: You went without food. You did not adorn yourself with jewelry or accessories. You did not cause conflict. You were not invisible. You did not have reflection. You were not displaced. You were an atheist. You never hit with a wielded weapon. You were a pacifist. You did not use tools. You did not use plumbed fixtures. You did not drink any magical draughts. You were illiterate. You never genocided any monsters. You never polymorphed an object. You never changed form. You used no wishes. You never split a pudding. You never wrote Elbereth's name. You never violated your personal moral code. Dungeon overview: The Dungeons of Doom: levels 1 to 19 Level 1 a long staircase Level 2 Level 3 Level 4 Level 5 Level 6 Level 7 a long staircase Level 8 Level 9 a fountain Level 10 Level 11 Level 12 Level 13 an altar to The Lady Level 14 Level 15 a fountain Level 16 Level 17 Level 18 Level 19 <- You were here History has recorded: On T:1 you entered the Dungeons of Doom to retrieve the Amulet of Yendor! On T:27 you reached level 2 of The Dungeons of Doom. On T:29 you reached level 3 of The Dungeons of Doom. On T:31 you reached level 4 of The Dungeons of Doom. On T:34 you reached level 5 of The Dungeons of Doom. On T:36 you reached level 6 of The Dungeons of Doom. On T:38 you reached level 7 of The Dungeons of Doom. On T:40 you reached level 8 of The Dungeons of Doom. On T:43 you reached level 9 of The Dungeons of Doom. On T:45 you reached level 10 of The Dungeons of Doom. On T:49 you reached level 11 of The Dungeons of Doom. On T:51 you reached level 12 of The Dungeons of Doom. On T:53 you reached level 13 of The Dungeons of Doom. On T:55 you reached level 14 of The Dungeons of Doom. On T:58 you reached level 15 of The Dungeons of Doom. On T:60 you reached level 16 of The Dungeons of Doom. On T:60 you entered the Rogue tribute level. On T:62 you reached level 17 of The Dungeons of Doom. On T:64 you reached level 18 of The Dungeons of Doom. On T:67 you reached level 19 of The Dungeons of Doom. Score breakdown: Gold: 0 ( 0 points) Experience: 1 level ( 0 points) Exploration: 19 levels ( 540 points) Discoveries: 0 items ( 0 points) Variety of kills: 2 monsters ( 100 points) Major goal: (nothing yet) ( 0 points) Survival: died (score multiplied by 3) Total score: 1920 Latest messages: You start digging downward. You continue digging downward. You dig a pit in the floor. You continue digging downward. You dig a hole through the floor. You fall through... You start digging downward. The flaming sphere explodes! You duck some of the blast. You continue digging downward. You dig a pit in the floor. You continue digging downward. You dig a hole through the floor. You fall through... That command is only available in debug mode. You have no weapon equipped. The Woodland-elf wields a runed bow! You start digging downward. The Woodland-elf shoots 2 runed arrows! You are hit by the 1st runed arrow. You die... Final status: Aloha noty the Tourist, killed by an elven arrow... You died in The Dungeons of Doom on dungeon level 19 with 1920 points, and 525 pieces of gold, after 69 moves. You were level 1 with a maximum of 9 hit points when you died.